 Dungeon Crawl Stone Soup version 0.31.0-11-ge490571c62 (webtiles) character file.

Game seed: 16832500735163155075

1656 ces the Skirmisher (level 8, -3/37 HPs)
             Began as a Spriggan Hunter on Jan 28, 2024.
             Slain by a centaur
             ... wielding a +0 rapier
              (6 damage)
             ... on level 4 of the Dungeon.
             The game lasted 00:20:13 (6450 turns).

ces the Skirmisher (Spriggan Hunter)                Turns: 6450, Time: 00:20:13

Health: -3/37      AC:  2    Str:  7    XL:     8   Next: 68%
Magic:  9/9        EV: 22    Int: 11    God:
Gold:   366        SH:  0    Dex: 20    Spells: 7/7 levels left

rFire   . . .        a - +0 shortbow
rCold   . . .        (shield currently unavailable)
rNeg    . . .        c - +0 robe
rPois   .            (helmet restricted)
rElec   .            (no cloak)
rCorr   +            (gloves unavailable)
SInv    +            (boots unavailable)
Will    +....        (no amulet)
Stlth   ++++         x - ring of resist corrosion
HPRegen 0.26/turn    y - ring of wizardry
MPRegen 0.11/turn

%: wizardry (x1)
@: very quick
A: very small, no large weapons, unfitting armour, see invisible, speed 3
a: no special abilities


You were on level 4 of the Dungeon.
You visited 1 branch of the dungeon, and saw 7 of its levels.
You also visited: Sewer.

You collected 366 gold pieces.

Inventory:

Hand Weapons
 a - a +0 shortbow (weapon)
 b - a +0 dagger of draining
Missiles
 D - a throwing net
Armour
 c - a +0 robe (worn)
Jewellery
 v - a ring of willpower
 x - a ring of resist corrosion (left hand)
 y - a ring of wizardry (right hand)
Wands
 u - a wand of digging (6)
 E - a wand of flame (39)
 F - a wand of polymorph (5)
Scrolls
 d - a scroll of teleportation
 e - 2 scrolls of fog
 g - a scroll of poison {unknown}
 h - a scroll of immolation {unknown}
 j - a scroll of vulnerability
 k - a scroll of silence {unknown}
 l - a scroll of amnesia
 n - a scroll of butterflies
 o - 2 scrolls of enchant weapon {unknown}
 q - a scroll of summoning {unknown}
 r - 2 scrolls of blinking {unknown}
 C - 2 scrolls of identify
Potions
 f - a potion of ambrosia
 i - 2 potions of haste
 m - a potion of berserk rage
 p - 2 potions of brilliance
 s - a potion of cancellation
 t - 2 potions of might
 w - a potion of magic {unknown}
 z - a potion of enlightenment {unknown}
 A - a potion of curing {unknown}
 B - 2 potions of degeneration {unknown}


   Skills:
 - Level 1.5 Fighting
 + Level 9.4 Ranged Weapons
 + Level 7.1 Dodging
 + Level 8.0 Stealth


You had 7 spell levels left.
You didn't know any spells.
Your spell library contained the following spells:

 Spells                   Type           Power      Damage    Failure   Level
 Kiss of Death            Conj/Necr      0%         2d5       14%         1
 Confusing Touch          Hex            0%         N/A       38%         3
 Fugue of the Fallen      Necr           0%         N/A       38%         3
 Gell's Gravitas          Tloc           0%         N/A       38%         3
 Ozocubu's Armour         Ice            0%         N/A       38%         3
 Teleport Other           Tloc           0%         N/A       38%         3
 Tukima's Dance           Hex            0%         N/A       38%         3
 Dispel Undead            Necr           0%         3d6       77%         4
 Manifold Assault         Tloc           0%         N/A       77%         4
 Passage of Golubria      Tloc           0%         N/A       77%         4
 Yara's Violent Unravell  Hex/Alch       0%         3d3       98%         5
 Dispersal                Tloc           0%         N/A       100%        6
 Malign Gateway           Summ/Tloc      0%         N/A       100%        7
 Summon Horrible Things   Summ           0%         N/A       100%        8


Dungeon Overview and Level Annotations

Branches:
Dungeon (7/15)              Sewer (visited)
 Temple: D:4-7

Altars:
Cheibriados
Dithmenos
Nemelex Xobeh
Sif Muna
Vehumet
Zin

Annotations:
D:4 2 transporters
D:7 Maggie


Innate Abilities, Weirdness & Mutations

You are very small and have problems with some larger weapons.
You are too small for most types of armour.
You have supernaturally acute eyesight. (SInv)
You cover ground extremely quickly. (Speed+++)


Message History

The centaur barely misses you. The centaur misses you.
You shoot an arrow. The arrow hits the centaur.
The centaur is heavily wounded.
The centaur hits you with a +0 rapier! The centaur misses you.
You shoot an arrow.
The arrow hits the centaur but does no damage.
The centaur is heavily wounded.
The centaur hits you with a +0 rapier! The centaur closely misses you. x2
The centaur misses you. The centaur closely misses you. x2
You climb upwards.
Level annotation: 2 transporters
There is a stone staircase leading down here.
You are too injured to fight recklessly!
You are too injured to fight recklessly!
Fire: a) +0 shortbow
Press: ? - help, Q - select action, (/) - cycle Shift-Dir - straight line, f - centaur
Aim: a centaur, wielding a +0 rapier (heavily wounded, 76% to hit)
You shoot an arrow.
The arrow hits the centaur but does no damage.
The centaur is heavily wounded.
The centaur hits you with a +0 rapier!
* * * LOW HITPOINT WARNING * * *
The centaur completely misses you. The centaur barely misses you.
The centaur closely misses you.
It was a potion of brilliance.
You feel clever all of a sudden. The centaur hits you with a +0 rapier.
* * * LOW HITPOINT WARNING * * *
The centaur barely misses you.
It was a potion of might.
You feel very mighty all of a sudden.
The centaur misses you. x2; The centaur completely misses you.
The centaur misses you.
It was a potion of cancellation.
Your magical effects are unravelling.
You feel magically purged.
You feel a little less mighty now.
You feel a little less clever now. The centaur hits you with a +0 rapier.
You die...

#.##.#### ##..................#..
### .. #.#..................#..
.x. . ./#....####.##......#...
K.. .. #.##...####.........#...
.## ###...##........######.#...
#.##.##.##.###...###..######.#...
##...#..##K##....###.##....#.#...
©#©..##..###.....c...##....#.#...
.#.# #.........@..........#.....
## #.###.........#####.....###.##
# ... #####....##...............
.# ###..#####..............###.##
# ##.# #...©#....#.)...(#...[....
.##..##^^####....######.#.####.##
##....####.......# #.#.#<##...
.................# #.#.#.#####
.................# #.#.#......


You could see a centaur.

Vanquished Creatures
  Grinder (D:5)
  An ice beast (D:6)
  3 ogres (D:5)
  A centaur (D:6)
  A phantom (D:5)
  3 bullfrogs
  3 scorpions
  A bombardier beetle (D:4)
  2 jellies (D:5)
  A hound (D:4)
  3 iguanas
  2 sleepcaps (D:5)
  An orc wizard (D:5)
  14 adders
  3 gnolls (D:5)
  3 river rats (Sewer)
  5 dart slugs
  2 ribbon worms (D:3)
  6 orcs
  10 endoplasms
  7 giant cockroaches
  7 hobgoblins
  7 jackals (D:3)
  11 kobolds
  8 quokkas
  15 ball pythons
  5 bats
  4 frilled lizards
  6 goblins
  21 rats
157 creatures vanquished.

Notes
Turn   | Place    | Note
-------+----------+-------------------------------------------
     0 | D:1      | ces the Spriggan Hunter began the quest for the Orb.
     0 | D:1      | Reached XP level 1. HP: 10/10 MP: 2/2
   199 | D:1      | Reached XP level 2. HP: 14/14 MP: 3/3
   460 | D:1      | Reached skill level 5 in Ranged Weapons
   466 | D:1      | Reached XP level 3. HP: 17/18 MP: 4/4
  1490 | D:2      | Reached XP level 4. HP: 15/22 MP: 5/5
  1692 | D:2      | Found a sparkling altar of Nemelex Xobeh.
  2072 | D:3      | Reached skill level 6 in Ranged Weapons
  2257 | D:3      | Found a glowing silver altar of Zin.
  2469 | D:3      | Found a glowing drain.
  2480 | Sewer    | Entered a sewer
  2595 | Sewer    | Reached XP level 5. HP: 17/25 MP: 6/6
  2889 | Sewer    | Reached skill level 7 in Ranged Weapons
  2922 | Sewer    | Reached XP level 6. HP: 22/30 MP: 7/7
  3324 | D:4      | Found a shadowy altar of Dithmenos.
  3497 | D:4      | Found a transporter.
  3619 | D:4      | Noticed a small abomination
  3626 | D:4      | Found a transporter.
  3911 | D:5      | Entered Level 5 of the Dungeon
  3995 | D:5      | Reached skill level 8 in Ranged Weapons
  4002 | D:5      | Noticed Grinder
  4087 | D:5      | Reached XP level 7. HP: 7/33 MP: 8/8
  4589 | D:6      | Found a snail-covered altar of Cheibriados.
  4668 | D:6      | Reached skill level 5 in Dodging
  4668 | D:6      | Reached skill level 5 in Stealth
  5483 | D:5      | Reached XP level 8. HP: 30/37 MP: 9/9
  5899 | D:6      | Reached skill level 9 in Ranged Weapons
  6017 | D:7      | Noticed Maggie
  6074 | D:5      | Killed Grinder
  6249 | D:4      | Found a sparkling altar of Nemelex Xobeh.
  6249 | D:4      | Found a radiant altar of Vehumet.
  6257 | D:4      | Found a shimmering blue altar of Sif Muna.
  6259 | D:4      | Found a faded altar of an unknown god.
  6262 | D:4      | Found a faded altar of an unknown god.
  6450 | D:4      | Slain by a centaur

Illustrated notes

Levels and vault maps discovered:
D:1:      dpeg_arrival_arbitrary_b, layout_basic
D:2:      layout_basic, basic_altar
D:3:      layout_loops_ring, mainiacjoe_overflow_alcove_2,
          cheibrodos_sewer_entry_bend
D:4:      layout_basic, mainiacjoe_overflow_cross_hatched,
          chequers_temple_overflow_minitemple, gammafunk_ghost_abyssal_escape,
          kennysheep_pointless_box
D:5:      layout_loops_corners, grunt_ministairs_10, kennysheep_doodads,
          uniq_grinder
D:6:      layout_rooms, overflow_temple_1_default, kennysheep_mini_moat,
          ebering_ghost_sewer_f, nrook_mini_backslash, due_unseen_surprise
D:7:      layout_cave_pools, mainiacjoe_overflow_24_doors,
          minmay_temple_entry_butterflies, minmay_misc_feat_diagonals,
          serial_library_hellmonk_small_corner, uniq_maggie

Skill      XL: |  1  2  3  4  5  6  7  8 |
---------------+-------------------------+-----
Ranged Weapons | 5 6 7 8 9 |  9.4
Stealth        | 3 5 8 |  8.0
Dodging        | 3 5 7 |  7.1
Fighting       | |  1.5

Action                     |  1- 3 |  4- 6 |  7- 9 || total
---------------------------+-------+-------+-------++-------
  Melee: Dagger            |       |     3 |     2 ||     5
   Fire: Shortbow          |   111 |   294 |   229 ||   634
    Use: Scroll            |       |     8 |     2 ||    10
         Potion            |       |     1 |     5 ||     6
   Stab: Sleeping          |       |     1 |       ||     1
 Armour: Robe              |    14 |    63 |    46 ||   123
  Dodge: Dodged            |    38 |   155 |   118 ||   311
